 Dungeon Crawl Stone Soup version 0.30-a0-586-g23e55c9e0a (webtiles) character file.

Game seed: 3388851999709079682

10549 OTABOTABOTAB the Martial Artist (level 11, -9/100 HPs)
             Began as a Gnoll Transmuter on Jan 4, 2023.
             Was a Priest of Sif Muna.
             Mangled by a sun demon (25 damage)
             ... summoned by a kobold demonologist
             ... on level 10 of the Dungeon.
             The game lasted 00:20:34 (10575 turns).

OTABOTABOTAB the Martial Artist (Gnoll Transmuter) Turns: 10575, Time: 00:20:34

Health: -9/100     AC:  8    Str: 10      XL:     11   Next: 63%
Magic:  23/23      EV: 14    Int: 16      God:    Sif Muna [***...]
Gold:   1502       SH:  0    Dex: 18 (19) Spells: 17/27 levels left

rFire   x . .      SeeInvis .      - Unarmed
rCold   + + +      Faith    .    (shield currently unavailable)
rNeg    . . .      Spirit   .    (body armour currently unavailable)
rPois   +          Reflect  .    (helmet currently unavailable)
rElec   .          Harm     .    (cloak currently unavailable)
rCorr   .          Rampage  .    (gloves currently unavailable)
Will    .....                    (boots currently unavailable)
Stlth   ++++                     z - amulet of magic regeneration
HPRegen 0.36/turn                c - +6 ring of dexterity
MPRegen 0.58/turn                Z - ring of wizardry {Wiz+, !d}

@: ice-form, wereblooded
A: freezing attack, amphibious, boosted hp, large, (fangs 1), strong nose,
distributed training
a: End Transformation, Renounce Religion, Channel Magic, Forget Spell


You were on level 10 of the Dungeon.
You worshipped Sif Muna.
Sif Muna was most pleased with you.
You were a creature of crystalline ice.
You visited 2 branches of the dungeon, and saw 11 of its levels.
You also visited: Ossuary.

You collected 1502 gold pieces.

Inventory:

Missiles
 b - 3 javelins
 e - 6 curare-tipped darts
 h - 4 boomerangs
 s - 78 stones
 A - 3 boomerangs of dispersal {=f}
 D - 19 poisoned darts
Armour
 a - a +0 robe (melded)
 d - a +0 pair of boots (melded)
   (You found it on level 1 of the Dungeon)
 m - a +1 cloak (melded)
   (You took it off Crazy Yiuf on level 2 of the Dungeon)
 C - a +0 pair of gloves (melded)
   (You found it on level 4 of the Dungeon)
 O - a +0 helmet (melded)
   (You found it on level 7 of the Dungeon)
Jewellery
 c - a +6 ring of dexterity (left front paw)
   (You found it on level 2 of the Dungeon)
 g - the amulet of the Slug {Faith +Blink rF+}
   (You found it on level 3 of the Dungeon)

   [amulet of faith]

   It allows you to gain divine favour quickly.
   rF:        It protects you from fire.
   +Blink:    It lets you blink.
 k - a +6 ring of dexterity
   (You found it on level 8 of the Dungeon)
 o - a +6 ring of intelligence
   (You found it on level 1 of the Dungeon)
 v - a ring of poison resistance {rPois, !d}
   (You took it off a goblin on level 4 of the Dungeon)
 z - an amulet of magic regeneration (around neck)
   (You found it on level 6 of the Dungeon)
 W - a ring of willpower
   (You found it on level 1 of the Dungeon)
 X - a ring of resist corrosion
   (You found it on level 9 of the Dungeon)
 Z - a ring of wizardry (right front paw) {Wiz+, !d}
   (You found it on level 6 of the Dungeon)
Wands
 i - a wand of iceblast (21)
   (You found it on level 8 of the Dungeon)
 j - a wand of polymorph (8)
   (You took it off Maggie on level 6 of the Dungeon)
 p - a wand of paralysis (10)
   (You found it on level 8 of the Dungeon)
Scrolls
 l - 3 scrolls of magic mapping {@r4!r}
 n - a scroll of enchant armour
 q - a scroll of enchant weapon {unknown}
 x - 8 scrolls of fog
 E - 3 scrolls of fear
 K - 4 scrolls of immolation {!r}
 V - 4 scrolls of vulnerability {!r!r}
 Y - 4 scrolls of teleportation {@r3}
Potions
 f - a potion of attraction {!q}
 t - a potion of cancellation
 B - a potion of brilliance
 G - a potion of ambrosia {!q}
 H - a potion of haste
 I - 2 potions of invisibility
 J - 8 potions of curing {@q1}
 L - a potion of magic
 M - 4 potions of might
 N - 2 potions of heal wounds {@q2}
 P - 3 potions of lignification {!q}
 R - 2 potions of resistance
 T - a potion of berserk rage {!q}
 U - 2 potions of mutation {!q}


   Skills:
 + Level 7.2 Fighting
 + Level 6.7 Short Blades
 + Level 6.7 Long Blades
 + Level 6.7 Axes
 + Level 6.7 Maces & Flails
 + Level 6.7 Polearms
 + Level 6.7 Staves
 + Level 6.7 Ranged Weapons
 + Level 6.7 Throwing
 + Level 6.7 Armour
 + Level 8.2 Dodging
 + Level 6.7 Stealth
 + Level 6.7 Shields
 + Level 9.5 Unarmed Combat
 + Level 8.5 Spellcasting
 + Level 5.5 Conjurations
 + Level 5.5 Hexes
 + Level 5.5 Summonings
 + Level 5.5 Necromancy
 + Level 5.5 Translocations
 + Level 6.8 Transmutations
 + Level 5.5 Fire Magic
 + Level 5.5 Ice Magic
 + Level 5.5 Air Magic
 + Level 5.5 Earth Magic
 + Level 5.5 Poison Magic
 + Level 7.4 Invocations
 + Level 6.7 Evocations


You had 17 spell levels left.
You knew the following spells:

 Your Spells              Type           Power      Damage    Failure   Level
a - Beastly Appendage     Tmut           56%        N/A       1%          1
b - Wereblood             Tmut           28%        N/A       1%          2
c - Spider Form           Tmut/Pois      26%        N/A       1%          3
d - Ice Form              Ice/Tmut       26%        N/A       3%          4

Your spell library contained the following spells:

 Spells                   Type           Power      Damage    Failure   Level
 Freeze                   Ice            96%        1d10      1%          1
 Static Discharge         Conj/Air       48%        2-4/arc   1%          2
 Frozen Ramparts          Ice            48%        1d8       1%          3
 Hailstorm                Conj/Ice       24%        3d7       1%          3
 Stone Arrow              Conj/Erth      48%        3d10      1%          3
 Vhi's Electric Charge    Tloc/Air       48%        N/A       1%          3
 Airstrike                Air            12%        2d(2-18)  4%          4
 Animate Armour           Summ/Erth      48%        N/A       4%          4
 Summon Lightning Spire   Summ/Air       24%        N/A       4%          4
 Arcjolt                  Conj/Air       12%        1d22      12%         5
 Lightning Bolt           Conj/Air       12%        1d25      12%         5
 Lehudib's Crystal Spear  Conj/Erth      12%        10d4      100%        8


Dungeon Overview and Level Annotations

Branches:
Dungeon (10/15)            Temple (1/1) D:5            Lair (0/5) D:8
Ossuary (visited)
    Orc: D:9-12

Altars:
Ashenzari
Cheibriados
Dithmenos
Fedhas
Gozag
Makhleb
Nemelex Xobeh
Okawaru
Qazlal
Sif Muna
Trog
Uskayaw
Vehumet
Wu Jian
Xom
Yredelemnul
Zin
The Shining One
Lugonu

Shops:
D:6 [   D:9 [

Annotations:
D:3 2 transporters
D:7 1 runed translucent door, whiskeysaurus's ghost, novice DsCj


Innate Abilities, Weirdness & Mutations

You are a creature of crystalline ice.
You have a powerful freezing melee attack.
You are amphibious.
Your maximum health is increased.
Your armour is entirely melded.
You are incapable of wielding weapons or throwing items.
((You have very sharp teeth.))
Your uncanny sense of smell can sniff out nearby items.
Your experience applies equally to all skills.


Message History

You now have 21/23 mp.
You turn into a creature of crystalline ice.
Your +1 cloak melds into your body.
Your +0 helmet melds into your body.
Your +0 pair of gloves melds into your body.
Your +0 pair of boots melds into your body.
Your +0 robe melds into your body.
The kobold demonologist shouts!
You hear a shout!
The kobold demonologist looks braver for a moment.
You now have 100/100 hp.
You closely miss the kobold demonologist.
The kobold demonologist hits you with a +0 dagger.
You take 2 damage, and have 98/100 hp.
The kobold demonologist shouts!
You hit the kobold demonologist. You freeze the kobold demonologist.
The kobold demonologist gestures wildly while chanting.
Unknown command.
You punch the kobold demonologist! You freeze the kobold demonologist.
The kobold demonologist hits you but does no damage.
The kobold demonologist gestures wildly while chanting.
You barely miss the kobold demonologist.
The kobold demonologist casts a spell.
The kobold demonologist mumbles some strange words.
You punch the kobold demonologist! You freeze the kobold demonologist.
You feel a bit better.
You kill the kobold demonologist!
Sif Muna accepts your kill.
The rust devil disappears in a puff of smoke!
The iron imp disappears in a puff of smoke! x2
The crimson imp disappears in a puff of smoke!
The iron imp disappears in a puff of smoke!
The kobold demonologist hits you but does no damage.
Health restored: 100 You barely miss the kobold demonologist.
You howl as the wereblood boils in your veins!
The shadow imp hits you but does no damage.
The quasit bites you. The quasit claws you.
You feel clumsy. The quasit barely misses you.
You take 2 damage, and have 98/100 hp.
You punch the kobold demonologist! You freeze the kobold demonologist.
The kobold demonologist casts a spell.
The kobold demonologist barely misses you.
The shadow imp hits you but does no damage.
The quasit barely misses you. The quasit misses you.
The quasit barely misses you.
You hit the kobold demonologist. You freeze the kobold demonologist.
The kobold demonologist casts a spell.
The kobold demonologist hits you but does no damage.
The quasit completely misses you. The quasit barely misses you.
The quasit claws you but does no damage.
The shadow imp closely misses you.
You closely miss the kobold demonologist.
The crimson imp blinks!
The quasit misses you. x3
The kobold demonologist casts a spell.
The shadow imp barely misses you.
You completely miss the kobold demonologist.
The quasit disappears in a puff of smoke!
The shadow imp disappears in a puff of smoke!
The kobold demonologist looks satisfied for a moment.
MP restored: 23 Unknown command.
Unknown command.
You punch the kobold demonologist! You freeze the kobold demonologist.
The sun demon hits you!!
You are engulfed in flames!!
The fire burns you terribly!
You take 42 damage, and have 57/100 hp.
MASSIVE DAMAGE!!
You closely miss the kobold demonologist.
The ufetubus closely misses you. x2
The kobold demonologist closely misses you.
The iron imp misses you. The sun demon hits you.
You are engulfed in flames!
The fire burns you terribly!
You take 18 damage, and have 39/100 hp.
You hit the kobold demonologist. You freeze the kobold demonologist.
You feel a bit better.
You kill the kobold demonologist!
Sif Muna accepts your kill.
The shadow imp disappears in a puff of smoke!
The iron imp disappears in a puff of smoke!
The white imp disappears in a puff of smoke!
You regained 3 hp, and now have 42/100 hp.
You hit the kobold demonologist. You freeze the kobold demonologist.
The sun demon closely misses you.
The kobold demonologist hits you with a +1 dagger of venom.
You take 1 damage, and have 41/100 hp.
You hit the kobold demonologist. You freeze the kobold demonologist.
The sun demon hits you!
* * * LOW HITPOINT WARNING * * *
You are engulfed in flames!!
The fire burns you terribly!
* * * LOW HITPOINT WARNING * * *
The kobold demonologist hits you but does no damage.
You take 40 damage, and have 1/100 hp.
MASSIVE DAMAGE!!
Unknown command.
You feel much better. The ufetubus misses you.
The ufetubus hits you but does no damage.
The sun demon hits you.
* * * LOW HITPOINT WARNING * * *
You are engulfed in flames!!
The fire burns you terribly!
You die...

#...#.....)....
#..§.##..............
####...#.#####...###'#..
#..P#...#P~.P#...#...#..
#...#.§§....#~...#...###
~....§§.#..##....#....#.
#.P...5.P. #....#....'.
####'K3#####P...#.####.
P#PP.5YPPPP~..###.####.
......5#.#.....#........
.P~............#.....<..
...............#+######.
...#.....#####........##
........#....#........#
........#....#........#
........#....#........#
.......#....#........#


You could see a sun demon (summoned), a kobold demonologist, a crimson imp
(summoned), a shadow imp (summoned) and an ufetubus (summoned).

Vanquished Creatures
  3 two-headed ogres (D:9)
  Maggie (D:6)
  A komodo dragon (D:9)
  3 kobold demonologists
  3 trolls
  13 yaks
  2 wyverns (D:9)
  Eustachio (D:6)
  3 acid dragons
  2 water moccasins
  2 black bears
  A sky beast (D:6)
  An ogre (D:4)
  3 wolves (D:8)
  5 centaurs
  A phantom (D:6)
  4 kobold brigands
  Blork the orc (D:5)
  5 bullfrogs
  3 gnoll sergeants
  A scorpion (D:6)
  3 necrophages
  5 wights (D:6)
  6 killer bees
  A howler monkey (D:5)
  4 electric eels (D:8)
  2 centaur zombies (Ossuary)
  Crazy Yiuf (D:2)
  6 hounds
  8 orc priests
  Jessica (D:2)
  An iguana (D:5)
  8 orc wizards
  5 mummies (Ossuary)
  15 gnolls
  8 adders
  A shadow imp (D:6)
  A white imp (D:7)
  2 ufetubi (D:6)
  A worm (D:4)
  24 orcs
  3 ball pythons
  7 endoplasms
  5 giant cockroaches
  5 goblins
  7 hobgoblins
  4 jackals (D:1)
  8 quokkas
  A frilled lizard (D:1)
  2 hobgoblin zombies (Ossuary)
  24 kobolds
  7 rats (D:1)
235 creatures vanquished.

Vanquished Creatures (others)
  8 fungi
  6 plants (D:1)
14 creatures vanquished.

Grand Total: 249 creatures vanquished

Notes
Turn   | Place    | Note
-------+----------+-------------------------------------------
     0 | D:1      | OTABOTABOTAB the Gnoll Transmuter began the quest for the
                  | Orb.
     0 | D:1      | Reached XP level 1. HP: 17/17 MP: 6/6
   113 | D:1      | Found a faded altar of an unknown god.
   148 | D:1      | Reached XP level 2. HP: 23/23 MP: 5/7
   152 | D:1      | Learned a level 2 spell: Wereblood
   863 | D:1      | Reached skill level 5 in Spellcasting
   863 | D:1      | Reached XP level 3. HP: 28/28 MP: 4/9
  1067 | D:2      | Learned a level 3 spell: Spider Form
  1112 | D:2      | Noticed Jessica
  1121 | D:2      | Killed Jessica
  1122 | D:2      | Reached skill level 1 in Short Blades
  1122 | D:2      | Reached skill level 1 in Long Blades
  1122 | D:2      | Reached skill level 1 in Axes
  1122 | D:2      | Reached skill level 1 in Maces & Flails
  1122 | D:2      | Reached skill level 1 in Polearms
  1122 | D:2      | Reached skill level 1 in Staves
  1122 | D:2      | Reached skill level 1 in Ranged Weapons
  1122 | D:2      | Reached skill level 1 in Throwing
  1122 | D:2      | Reached skill level 1 in Armour
  1122 | D:2      | Reached skill level 1 in Stealth
  1122 | D:2      | Reached skill level 1 in Shields
  1122 | D:2      | Reached skill level 1 in Invocations
  1122 | D:2      | Reached skill level 1 in Evocations
  1210 | D:2      | Reached XP level 4. HP: 34/34 MP: 7/11
  1575 | D:2      | Learned a level 4 spell: Ice Form
  1670 | D:2      | Reached skill level 1 in Conjurations
  1670 | D:2      | Reached skill level 1 in Hexes
  1670 | D:2      | Reached skill level 1 in Summonings
  1670 | D:2      | Reached skill level 1 in Necromancy
  1670 | D:2      | Reached skill level 1 in Translocations
  1670 | D:2      | Reached skill level 1 in Fire Magic
  1670 | D:2      | Reached skill level 1 in Ice Magic
  1670 | D:2      | Reached skill level 1 in Air Magic
  1670 | D:2      | Reached skill level 1 in Earth Magic
  1670 | D:2      | Reached skill level 1 in Poison Magic
  1994 | D:2      | Found a runed translucent door.
  1995 | D:2      | Noticed Crazy Yiuf
  2005 | D:2      | Killed Crazy Yiuf
  2280 | D:3      | Reached XP level 5. HP: 34/40 MP: 8/12
  2362 | D:3      | Reached skill level 3 in Fighting
  2526 | D:3      | Found a transporter.
  2545 | D:3      | Found a transporter.
  2699 | D:3      | Reached skill level 4 in Transmutations
  2779 | D:3      | Identified the amulet of the Slug {Faith +Blink rF+}
  3064 | D:4      | Reached skill level 2 in Invocations
  3133 | D:4      | Noticed an ogre
  3138 | D:4      | Killed an ogre
  3139 | D:4      | Reached skill level 2 in Short Blades
  3139 | D:4      | Reached skill level 2 in Long Blades
  3139 | D:4      | Reached skill level 2 in Axes
  3139 | D:4      | Reached skill level 2 in Maces & Flails
  3139 | D:4      | Reached skill level 2 in Polearms
  3139 | D:4      | Reached skill level 2 in Staves
  3139 | D:4      | Reached skill level 2 in Ranged Weapons
  3139 | D:4      | Reached skill level 2 in Throwing
  3139 | D:4      | Reached skill level 2 in Armour
  3139 | D:4      | Reached skill level 5 in Dodging
  3139 | D:4      | Reached skill level 2 in Stealth
  3139 | D:4      | Reached skill level 2 in Shields
  3139 | D:4      | Reached skill level 2 in Evocations
  3139 | D:4      | Reached XP level 6. HP: 47/47 MP: 10/14
  3400 | D:4      | Found a sand-covered staircase.
  3405 | Ossuary  | Entered an ossuary
  3515 | Ossuary  | Reached skill level 7 in Unarmed Combat
  3515 | Ossuary  | Reached XP level 7. HP: 52/52 MP: 15/15
  3955 | D:5      | Entered Level 5 of the Dungeon
  4015 | D:5      | Found an iron altar of Okawaru.
  4025 | D:5      | Noticed Blork the orc
  4032 | D:5      | Killed Blork the orc
  4033 | D:5      | Reached skill level 2 in Conjurations
  4033 | D:5      | Reached skill level 2 in Hexes
  4033 | D:5      | Reached skill level 2 in Summonings
  4033 | D:5      | Reached skill level 2 in Necromancy
  4033 | D:5      | Reached skill level 2 in Translocations
  4033 | D:5      | Reached skill level 2 in Fire Magic
  4033 | D:5      | Reached skill level 2 in Ice Magic
  4033 | D:5      | Reached skill level 2 in Air Magic
  4033 | D:5      | Reached skill level 2 in Earth Magic
  4033 | D:5      | Reached skill level 2 in Poison Magic
  4041 | D:5      | Reached skill level 3 in Invocations
  4415 | D:5      | Found a staircase to the Ecumenical Temple.
  4423 | Temple   | Entered the Ecumenical Temple
  4455 | Temple   | Became a worshipper of Sif Muna the Loreminder
  4507 | D:5      | Found a snail-covered altar of Cheibriados.
  4813 | D:5      | Reached skill level 4 in Fighting
  4969 | D:6      | Reached skill level 3 in Short Blades
  4969 | D:6      | Reached skill level 3 in Long Blades
  4969 | D:6      | Reached skill level 3 in Axes
  4969 | D:6      | Reached skill level 3 in Maces & Flails
  4969 | D:6      | Reached skill level 3 in Polearms
  4969 | D:6      | Reached skill level 3 in Staves
  4969 | D:6      | Reached skill level 3 in Ranged Weapons
  4969 | D:6      | Reached skill level 3 in Throwing
  4969 | D:6      | Reached skill level 3 in Armour
  4969 | D:6      | Reached skill level 3 in Stealth
  4969 | D:6      | Reached skill level 3 in Shields
  4969 | D:6      | Reached skill level 3 in Evocations
  4969 | D:6      | Reached XP level 8. HP: 60/60 MP: 12/16
  5043 | D:6      | Reached skill level 6 in Spellcasting
  5082 | D:6      | Found a glowing silver altar of Zin.
  5103 | D:6      | Found a hide-covered altar of Uskayaw.
  5134 | D:6      | Found Zywet's Antique Armour Shoppe.
  5273 | D:6      | Noticed Eustachio
  5284 | D:6      | Killed Eustachio
  5310 | D:6      | Reached skill level 3 in Conjurations
  5310 | D:6      | Reached skill level 3 in Hexes
  5310 | D:6      | Reached skill level 3 in Summonings
  5310 | D:6      | Reached skill level 3 in Necromancy
  5310 | D:6      | Reached skill level 3 in Translocations
  5310 | D:6      | Reached skill level 3 in Fire Magic
  5310 | D:6      | Reached skill level 3 in Ice Magic
  5310 | D:6      | Reached skill level 3 in Air Magic
  5310 | D:6      | Reached skill level 3 in Earth Magic
  5310 | D:6      | Reached skill level 3 in Poison Magic
  5310 | D:6      | Reached skill level 4 in Invocations
  5565 | D:6      | Reached skill level 6 in Dodging
  5571 | D:6      | Reached skill level 5 in Transmutations
  5587 | D:6      | Reached XP level 9. HP: 61/66 MP: 14/18
  5717 | D:6      | Reached skill level 4 in Short Blades
  5717 | D:6      | Reached skill level 4 in Long Blades
  5717 | D:6      | Reached skill level 4 in Axes
  5717 | D:6      | Reached skill level 4 in Maces & Flails
  5717 | D:6      | Reached skill level 4 in Polearms
  5717 | D:6      | Reached skill level 4 in Staves
  5717 | D:6      | Reached skill level 4 in Ranged Weapons
  5717 | D:6      | Reached skill level 4 in Throwing
  5717 | D:6      | Reached skill level 4 in Armour
  5717 | D:6      | Reached skill level 4 in Stealth
  5717 | D:6      | Reached skill level 4 in Shields
  5717 | D:6      | Reached skill level 4 in Evocations
  5718 | D:6      | Noticed Maggie
  5737 | D:6      | Killed Maggie
  5738 | D:6      | Reached skill level 5 in Fighting
  5869 | D:6      | Found a broken altar of Ashenzari.
  6339 | D:6      | Reached * piety under Sif Muna
  6597 | D:7      | Reached skill level 8 in Unarmed Combat
  6917 | D:7      | Reached skill level 5 in Invocations
  6926 | D:7      | Reached skill level 7 in Spellcasting
  7030 | D:7      | Found a runed translucent door.
  7031 | D:7      | Noticed whiskeysaurus's ghost (novice DsCj)
  7205 | D:7      | Reached skill level 4 in Conjurations
  7205 | D:7      | Reached skill level 4 in Hexes
  7205 | D:7      | Reached skill level 4 in Summonings
  7205 | D:7      | Reached skill level 4 in Necromancy
  7205 | D:7      | Reached skill level 4 in Translocations
  7205 | D:7      | Reached skill level 4 in Fire Magic
  7205 | D:7      | Reached skill level 4 in Ice Magic
  7205 | D:7      | Reached skill level 4 in Air Magic
  7205 | D:7      | Reached skill level 4 in Earth Magic
  7205 | D:7      | Reached skill level 4 in Poison Magic
  7730 | D:8      | Reached skill level 5 in Short Blades
  7730 | D:8      | Reached skill level 5 in Long Blades
  7730 | D:8      | Reached skill level 5 in Axes
  7730 | D:8      | Reached skill level 5 in Maces & Flails
  7730 | D:8      | Reached skill level 5 in Polearms
  7730 | D:8      | Reached skill level 5 in Staves
  7730 | D:8      | Reached skill level 5 in Ranged Weapons
  7730 | D:8      | Reached skill level 5 in Throwing
  7730 | D:8      | Reached skill level 5 in Armour
  7730 | D:8      | Reached skill level 5 in Stealth
  7730 | D:8      | Reached skill level 5 in Shields
  7730 | D:8      | Reached skill level 5 in Evocations
  7730 | D:8      | Reached XP level 10. HP: 76/76 MP: 16/20
  7742 | D:8      | Reached skill level 7 in Dodging
  7841 | D:8      | Found a burning altar of Makhleb.
  7852 | D:8      | Reached skill level 6 in Fighting
  7924 | D:8      | Reached skill level 6 in Transmutations
  7924 | D:8      | Reached skill level 6 in Invocations
  8090 | D:8      | Found a staircase to the Lair.
  8137 | D:8      | Reached ** piety under Sif Muna
  9294 | D:9      | Noticed a two-headed ogre
  9308 | D:9      | Killed a two-headed ogre
  9365 | D:9      | Found Cioblaako's Armour Shop.
  9440 | D:9      | Reached skill level 9 in Unarmed Combat
  9446 | D:9      | Reached skill level 6 in Short Blades
  9446 | D:9      | Reached skill level 6 in Long Blades
  9446 | D:9      | Reached skill level 6 in Axes
  9446 | D:9      | Reached skill level 6 in Maces & Flails
  9446 | D:9      | Reached skill level 6 in Polearms
  9446 | D:9      | Reached skill level 6 in Staves
  9446 | D:9      | Reached skill level 6 in Ranged Weapons
  9446 | D:9      | Reached skill level 6 in Throwing
  9446 | D:9      | Reached skill level 6 in Armour
  9446 | D:9      | Reached skill level 6 in Stealth
  9446 | D:9      | Reached skill level 6 in Shields
  9446 | D:9      | Reached skill level 6 in Evocations
  9448 | D:9      | Reached skill level 5 in Conjurations
  9448 | D:9      | Reached skill level 5 in Hexes
  9448 | D:9      | Reached skill level 5 in Summonings
  9448 | D:9      | Reached skill level 5 in Necromancy
  9448 | D:9      | Reached skill level 5 in Translocations
  9448 | D:9      | Reached skill level 5 in Fire Magic
  9448 | D:9      | Reached skill level 5 in Ice Magic
  9448 | D:9      | Reached skill level 5 in Air Magic
  9448 | D:9      | Reached skill level 5 in Earth Magic
  9448 | D:9      | Reached skill level 5 in Poison Magic
  9455 | D:9      | Reached XP level 11. HP: 51/83 MP: 18/22
  9457 | D:9      | Reached *** piety under Sif Muna
  9458 | D:9      | Reached skill level 8 in Spellcasting
  9502 | D:9      | Noticed a two-headed ogre
  9512 | D:9      | HP: 16/83 [two-headed ogre/+0 giant spiked club (12)]
  9517 | D:9      | HP: 11/83 [two-headed ogre/+0 giant spiked club (29)]
  9522 | D:9      | Killed a two-headed ogre
  9544 | D:9      | Reached skill level 7 in Invocations
  9596 | D:9      | Noticed a two-headed ogre
  9600 | D:9      | HP: 7/83 [two-headed ogre/+0 giant club (25)]
  9601 | D:9      | Reached skill level 7 in Fighting
  9601 | D:9      | Reached skill level 8 in Dodging
  9605 | D:9      | Killed a two-headed ogre
  9957 | D:9      | Found a radiant altar of Vehumet.
 10456 | D:9      | Identified a scroll of acquirement
 10457 | D:9      | Acquired 873 gold pieces
 10476 | D:10     | Entered Level 10 of the Dungeon
 10556 | D:10     | Found a corrupted altar of Lugonu.
 10568 | D:10     | Noticed a sun demon
 10574 | D:10     | HP: 1/100 [sun demon[a kobold demonologist] (28)]
 10575 | D:10     | Mangled by a sun demon

Illustrated notes

Levels and vault maps discovered:
D:1:      dpeg_arrival_round_b, layout_basic,
          hellmonk_ecumenical_altar_lost_god, lexackson_kobold_supper
D:2:      layout_loops_corners, uniq_jessica, uniq_crazy_yiuf_cottage
D:3:      gammafunk_steamed_eel, layout_basic
D:4:      layout_loops_ring, nicolae_ossuary_entry_plus
D:5:      layout_basic, mainiacjoe_overflow_six_doors_small,
          nicolae_overflow_crystal_walls, minmay_temple_entry_mist,
          serial_corexii_hall, chequers_hall_statues_corner_a,
          chequers_hall_statues_y, minmay_misc_feat_doors, uniq_blork_the_orc
D:6:      layout_loops_ring, mainiacjoe_overflow_chevrons,
          mainiacjoe_overflow_catch_the_wave, serial_shops, shop,
          minmay_misc_feat_five, uniq_eustachio, uniq_maggie
D:7:      layout_loops_corners, ebering_ghost_reflecting_pool,
          hangedman_abyss_or_decor_jellyfish_corner, minmay_tree_intersection,
          hangedman_decor_opposing, eino_jars
D:8:      layout_loops_cross, mainiacjoe_overflow_cross_hatched,
          erik_lair_island
D:9:      layout_loops_ring, nicolae_vehumet_radiance, serial_shops,
          nicolae_shop_stone, grunt_decor_junction, minmay_alternating_orb
D:10:     kennysheep_kobold_lugonu_temple, layout_gridville,
          nicolae_ru_great_annihilating_truth, serial_shops, nicolae_shop_stone,
          roderic_roman_lattice
Temple:   compressed_dpeg_circular_temple

Skill      XL: |  1  2  3  4  5  6  7  8  9 10 11 |
---------------+----------------------------------+-----
Spellcasting   | 5 6 7 8 |  8.5
Short Blades   | 1 2 3 5 6 |  6.7
Long Blades    | 1 2 3 5 6 |  6.7
Axes           | 1 2 3 5 6 |  6.7
Maces & Flails | 1 2 3 5 6 |  6.7
Polearms       | 1 2 3 5 6 |  6.7
Staves         | 1 2 3 5 6 |  6.7
Ranged Weapons | 1 2 3 5 6 |  6.7
Throwing       | 1 2 3 5 6 |  6.7
Armour         | 1 2 3 5 6 |  6.7
Stealth        | 1 2 3 5 6 |  6.7
Shields        | 1 2 3 5 6 |  6.7
Invocations    | 1 2 3 4 5 6 7 |  7.4
Evocations     | 1 2 3 5 6 |  6.7
Conjurations   | 1 2 3 4 5 |  5.5
Hexes          | 1 2 3 4 5 |  5.5
Summonings     | 1 2 3 4 5 |  5.5
Necromancy     | 1 2 3 4 5 |  5.5
Translocations | 1 2 3 4 5 |  5.5
Fire Magic     | 1 2 3 4 5 |  5.5
Ice Magic      | 1 2 3 4 5 |  5.5
Air Magic      | 1 2 3 4 5 |  5.5
Earth Magic    | 1 2 3 4 5 |  5.5
Poison Magic   | 1 2 3 4 5 |  5.5
Fighting       | 3 4 5 6 7 |  7.2
Transmutations | 4 5 6 |  6.8
Dodging        | 5 6 7 8 |  8.2
Unarmed Combat | 7 8 9 |  9.5

Action                   |  1- 3 |  4- 6 |  7- 9 | 10-12 || total
-------------------------+-------+-------+-------+-------++-------
Melee: Unarmed           |    74 |   128 |   231 |   254 ||   687
       Headbutt          |     4 |     2 |       |       ||     6
       Bite              |     7 |     1 |     5 |     1 ||    14
       Kick              |     5 |     2 |       |       ||     7
       Punch             |     1 |     3 |     2 |     1 ||     7
Throw: Stone             |     3 |       |       |       ||     3
       Dart              |       |       |       |    12 ||    12
 Cast: Beastly Appendage |    14 |     4 |     1 |       ||    19
       Wereblood         |     2 |     4 |    14 |    17 ||    37
       Spider Form       |     4 |    24 |    19 |     8 ||    55
       Ice Form          |       |     1 |    11 |    21 ||    33
 Abil: End Transformatio |    15 |    27 |    26 |    23 ||    91
  Use: Scroll            |       |       |    21 |     4 ||    25
       Potion            |       |       |       |     4 ||     4
 Stab: Sleeping          |       |     2 |     4 |     2 ||     8
       Confused          |       |       |     1 |       ||     1
       Distracted        |       |       |       |     1 ||     1
Armor: Robe              |     3 |     8 |    14 |     4 ||    29
       Skin              |       |     7 |    14 |    35 ||    56
Dodge: Dodged            |    29 |    87 |   219 |   222 ||   557

Table legend: (Time is in decaauts)
 A = Elapsed time spent in this place.
 B = Non-inter-level travel time spent in this place.
 C = Inter-level travel time spent in this place.
 D = Time resting spent in this place.
 E = Time spent auto-exploring this place.
 F = Levels seen in this place.
 G = Mean time per level.
                   A        B        C        D        E       F      G
               +--------+--------+--------+--------+--------+-----+--------+
         Total |  10479 |  10186 |    293 |    426 |   8000 |  12 |  873.2 |
       Dungeon |  10264 |  10000 |    264 |    426 |   7883 |  10 | 1026.4 |
        Temple |     62 |     33 |     29 |      0 |     22 |   1 |   62.0 |
       Ossuary |    152 |    152 |      0 |      0 |     95 |   1 |  152.0 |
               +--------+--------+--------+--------+--------+-----+--------+

Top non-repeatable levels by time:
     D:8: 1590 daAuts
     D:6: 1437 daAuts
     D:7: 1273 daAuts
     D:2: 1228 daAuts
     D:9: 1158 daAuts
     D:1: 1021 daAuts
     D:5: 935 daAuts
     D:3: 775 daAuts
     D:4: 747 daAuts
 Ossuary: 152 daAuts
    D:10: 95 daAuts
  Temple: 62 daAuts

Table legend:
 A = Kills in this place as a percentage of kills in entire the game.
 B = Kills by you in this place as a percentage of kills by you in the entire game.
 C = Kills by friends in this place as a percentage of kills by friends in the entire game.
 D = Other kills in this place as a percentage of other kills in the entire game.
 E = Experience gained in this place as a percentage of experience gained in the entire game.
 F = Experience gained in this place divided by the number of levels of this place that you have seen.
                   A       B       C       D       E      F
               +-------+-------+-------+-------+-------+----------------------
         Total | 100.0 | 100.0 |   N/A |   N/A | 100.0 | 1255.8
       Dungeon |  96.2 |  96.2 |   N/A |   N/A |  98.8 | 1489.1
       Ossuary |   3.8 |   3.8 |   N/A |   N/A |   1.2 | 179.0
               +-------+-------+-------+-------+-------+----------------------
